 Dungeon Crawl Stone Soup version 0.28.0-1-gb440e238dd (webtiles) character file.

Game seed: 1284631255536133735

3807 themarg the Cleaver (level 9, -1/82 HPs)
             Began as a Minotaur Berserker on Feb 25, 2022.
             Was a Priest of Trog.
             Slain by an ogre (12 damage)
             ... on level 6 of the Dungeon.
             The game lasted 00:20:10 (6600 turns).

themarg the Cleaver (Minotaur Berserker)            Turns: 6600, Time: 00:20:10

Health: -1/82      AC:  7    Str: 26    XL:     9   Next: 96%
Magic:  8/8        EV: 13    Int:  4    God:    Trog [***...]
Gold:   100        SH:  4    Dex: 10    Spells: 8/8 levels left

rFire   . . .      SeeInvis +   a - +0 hand axe
rCold   . . .      Faith    .   c - +0 buckler
rNeg    . . .      Spirit   .   j - +0 leather armour
rPois   +          Reflect  .   (helmet restricted)
rElec   .          Harm     .   t - +1 cloak
rCorr   .          Rampage  .   (no gloves)
Will    ++...                   u - +0 pair of boots
Stlth   ++........              (no amulet)
HPRegen 1.23/turn               n - ring of see invisible
MPRegen 0.11/turn               q - ring of poison resistance

@: strong-willed, on berserk cooldown, regenerating, slowed, very slow
A: horns 2, retaliatory headbutt
a: Renounce Religion, Berserk, Trog's Hand


You were on level 6 of the Dungeon.
You worshipped Trog.
Trog was most pleased with you.
You visited 1 branch of the dungeon, and saw 6 of its levels.
You also visited: Ossuary.

You collected 126 gold pieces.
You spent 26 gold pieces at shops.

Inventory:

Hand Weapons
 a - a +0 hand axe (weapon)
Missiles
 m - 2 curare-tipped darts (quivered)
Armour
 c - a +0 buckler (worn)
 d - a +0 cloak
 e - a +0 scale mail
 j - a +0 leather armour (worn)
 t - a +1 cloak (worn)
 u - a +0 pair of boots (worn)
 H - a scarf of invisibility
Jewellery
 n - a ring of see invisible (left hand)
 q - a ring of poison resistance (right hand)
 E - a +4 ring of protection
 F - a ring of protection from fire
Wands
 r - a wand of iceblast (2)
 y - a wand of paralysis (9)
 I - a wand of acid (5)
Scrolls
 b - 5 scrolls of teleportation
 g - a scroll of holy word {unknown}
 o - a scroll of brand weapon {unknown}
 p - a scroll of amnesia {unknown}
 s - a scroll of magic mapping {unknown}
 v - a scroll of fog {unknown}
 w - 2 scrolls of enchant armour {unknown}
 C - 4 scrolls of fear
 G - a scroll of summoning {unknown}
Potions
 f - 4 potions of attraction
 h - 5 potions of curing
 i - 3 potions of heal wounds
 k - a potion of flight {unknown}
 l - 3 potions of berserk rage
 x - 2 potions of mutation {unknown}
 z - a potion of might {unknown}
 A - a potion of haste {unknown}
 B - 2 potions of brilliance {unknown}
 D - a potion of cancellation {unknown}


   Skills:
 + Level 8.6 Fighting
 + Level 11.7 Axes
 + Level 5.3 Armour
 + Level 6.6 Dodging
 + Level 2.6 Stealth
 + Level 4.3 Shields


You had 8 spell levels left.
You didn't know any spells.
Your spell library was empty.

Dungeon Overview and Level Annotations

Branches:
Dungeon (6/15)            Ossuary (visited)
 Temple: D:4-7

Altars:
Fedhas
Gozag
Hepliaklqana
Yredelemnul
Zin

Shops:
D:3 ?


Innate Abilities, Weirdness & Mutations

You have a pair of horns on your head.
You reflexively headbutt those who attack you in melee.


Message History

The centaur misses you.
You hit the centaur.
You kill the centaur!
Trog accepts your kill.
You slash the ogre! You headbutt the ogre!
The ogre is severely wounded.
The ogre barely misses you.
You hit the ogre.
The ogre is almost dead.
You slash the ogre!
You kill the ogre!
Trog accepts your kill.
I - a wand of acid (5)
Items here: ( )) †.
You feel a strong urge to attack something.
You are no longer berserk.
You are exhausted.
You feel yourself slow down.
A howler monkey skeleton comes into view.
Found 2 potions of curing.
The howler monkey skeleton hits you but does no damage.
The howler monkey skeleton barely misses you.
The howler monkey skeleton hits you.
You slash the ogre!
The ogre is heavily wounded.
You hit the howler monkey skeleton but do no damage.
The howler monkey skeleton misses you. The ogre hits you with a +0 giant club!
* * * LOW HITPOINT WARNING * * *
You barely miss the ogre. Your headbutt misses the ogre.
The ogre is heavily wounded.
You hit the howler monkey skeleton.
The howler monkey skeleton hits you but does no damage.
The ogre hits you with a +0 giant club!
* * * LOW HITPOINT WARNING * * *
Your skin crawls.
You feel strong-willed.
You can no longer call in reinforcements.
The howler monkey skeleton hits you but does no damage.
The ogre hits you with a +0 giant club!
You die...

#. .... #.. ####..#
#.. ##.....# #.. ...
..# ## #..## #.###.##
#)## ...#
#.##...##...##
#.#####............#.#
#......###...........#
#.####.# ##..O@.......
#.# #.####.#Z......##
#.# #.)....##.....##
#.# ##########...##
#.# #..# #c# #!# ###.#
... O.'O# ### ###.#


You could see an ogre and a howler monkey skeleton.

Vanquished Creatures
  A two-headed ogre (D:5)
  Pikel (D:6)
  The ghost of 0gre the Conjurer, a novice GnCj of Okawaru (D:5)
  A hornet zombie (Ossuary)
  An orc warrior (D:3)
  2 black bears
  A centaur (D:6)
  3 ogres
  2 scorpions
  3 wyvern zombies (Ossuary)
  5 water moccasin zombies (Ossuary)
  8 bullfrog zombies (Ossuary)
  3 centaur zombies (Ossuary)
  A hound (D:5)
  2 centaur skeletons (D:5)
  A gnoll shaman (D:5)
  3 orc priests
  Ijyb (D:5)
  Natasha (thrice) (D:2)
  3 killer bee zombies (Ossuary)
  A hound zombie (D:5)
  13 mummies (Ossuary)
  Robin (D:2)
  3 gnolls (D:5)
  9 adders
  A shadow imp (D:5)
  5 worms
  3 dart slugs
  9 orcs
  5 endoplasms
  4 giant cockroaches
  12 goblins
  11 hobgoblins
  4 jackals
  6 quokkas
  8 ball pythons
  5 bats
  3 frilled lizards
  8 kobolds
  7 rats
164 creatures vanquished.

Vanquished Creatures (others)
  4 withered plants (Ossuary)
4 creatures vanquished.

Grand Total: 168 creatures vanquished

Notes
Turn   | Place    | Note
-------+----------+-------------------------------------------
     0 | D:1      | themarg the Minotaur Berserker began the quest for the Orb.
     0 | D:1      | Reached XP level 1. HP: 19/19 MP: 0/0
   232 | D:1      | Reached XP level 2. HP: 27/27 MP: 1/1
   537 | D:1      | Reached skill level 4 in Axes
   857 | D:2      | Noticed Natasha
   866 | D:2      | Killed Natasha
   867 | D:2      | Reached XP level 3. HP: 28/33 MP: 2/2
   990 | D:2      | Noticed Natasha
   996 | D:2      | Killed Natasha
   997 | D:2      | Reached XP level 4. HP: 34/41 MP: 3/3
  1029 | D:2      | Noticed Natasha
  1034 | D:2      | Killed Natasha
  1169 | D:2      | Noticed Robin
  1174 | D:2      | Reached ** piety under Trog
  1178 | D:2      | Killed Robin
  1179 | D:2      | Reached skill level 5 in Axes
  1179 | D:2      | Reached XP level 5. HP: 47/47 MP: 4/4
  1758 | D:2      | Found a faded altar of an unknown god.
  1878 | D:3      | Noticed an orc warrior
  1883 | D:3      | Killed an orc warrior
  1884 | D:3      | Reached skill level 5 in Fighting
  1884 | D:3      | Reached skill level 6 in Axes
  1884 | D:3      | Reached skill level 1 in Stealth
  1884 | D:3      | Reached XP level 6. HP: 56/56 MP: 5/5
  2057 | D:3      | Found Wubud's Magic Scroll Emporium.
  2063 | D:3      | Bought a scroll of identify for 26 gold pieces
  2101 | D:3      | Found a glowing silver altar of Zin.
  2106 | D:3      | Found an opulent altar of Gozag.
  2368 | D:3      | Found a hazy altar of Hepliaklqana.
  3176 | D:4      | Reached skill level 1 in Shields
  3182 | D:4      | Reached skill level 7 in Axes
  3182 | D:4      | Reached XP level 7. HP: 22/61 MP: 6/6
  3564 | D:4      | Reached *** piety under Trog
  3579 | D:4      | Found a sand-covered staircase.
  3594 | Ossuary  | Entered an ossuary
  3629 | Ossuary  | HP: 1/93 [wyvern zombie (6)]
  3633 | Ossuary  | Reached skill level 8 in Axes
  3747 | Ossuary  | Reached XP level 8. HP: 10/70 MP: 7/7
  3749 | Ossuary  | HP: 3/70 [killer bee zombie (5)]
  3763 | Ossuary  | HP: 3/70 [water moccasin zombie (3)]
  4123 | Ossuary  | Reached skill level 9 in Axes
  4578 | Ossuary  | Reached skill level 10 in Axes
  4578 | Ossuary  | Reached skill level 5 in Dodging
  5077 | D:4      | Reached XP level 9. HP: 79/79 MP: 8/8
  5230 | D:4      | Found a blossoming altar of Fedhas.
  5366 | D:4      | Found a basalt altar of Yredelemnul.
  5580 | D:5      | Entered Level 5 of the Dungeon
  5580 | D:5      | Noticed a two-headed ogre
  5586 | D:5      | Killed a two-headed ogre
  5644 | D:5      | Found a runed translucent door.
  5677 | D:5      | Noticed Ijyb
  5686 | D:5      | Killed Ijyb
  5690 | D:5      | Reached skill level 11 in Axes
  5781 | D:5      | Reached **** piety under Trog
  6359 | D:5      | Noticed 0gre's ghost (novice GnCj)
  6369 | D:5      | Killed 0gre's ghost
  6370 | D:5      | Reached skill level 5 in Armour
  6456 | D:6      | Noticed Pikel
  6464 | D:6      | Killed Pikel
  6568 | D:6      | HP: 3/82 [centaur/arrow (7)]
  6600 | D:6      | Slain by an ogre

Illustrated notes

Levels and vault maps discovered:
D:1:      amcnicky_arrival_blooded_trapdoor, layout_basic,
          minmay_misc_feat_diagonals
D:2:      layout_basic, dilly_ecumenical_altar_fadedgnrine, st_stairs_11,
          uniq_natasha, uniq_robin
D:3:      layout_loops_corners, mainiacjoe_overflow_chevrons,
          mainiacjoe_overflow_tiny_flanked, worldfamousw_hep_ancestral_shrine,
          serial_shops, nicolae_shop_statue_plus, feat_on_display
D:4:      layout_basic, kennysheep_little_box, fedhas_altar_2,
          cheibrodos_sewer_entry_bend, nicolae_ossuary_entry_monument,
          corexii_hall_statues_i
D:5:      layout_rooms, ebering_ghost_reflecting_pool, uniq_ijyb
D:6:      layout_loops_ring, minmay_pentangle, uniq_pikel, uniq_edmund

Skill      XL: |  1  2  3  4  5  6  7  8  9 |
---------------+----------------------------+-----
Axes           | 4 5 6 7 8 10 11 | 11.7
Fighting       | 4 5 6 7 8 |  8.6
Armour         | 3 4 5 |  5.3
Dodging        | 3 4 5 6 |  6.6
Stealth        | 1 2 |  2.6
Shields        | 1 2 3 4 |  4.3

Action                   |  1- 3 |  4- 6 |  7- 9 || total
-------------------------+-------+-------+-------++-------
Melee: Hand axe          |    57 |   113 |   285 ||   455
       Headbutt          |     7 |    16 |    62 ||    85
Invok: Berserk           |     1 |     3 |     8 ||    12
       Trog's Hand       |       |       |     1 ||     1
  Use: Scroll            |       |     3 |     3 ||     6
       Potion            |       |       |     4 ||     4
 Stab: Sleeping          |       |     1 |     1 ||     2
Armor: Animal skin       |    20 |       |       ||    20
       Leather armour    |     2 |    27 |    71 ||   100
Dodge: Dodged            |    35 |    62 |   158 ||   255
Block: Buckler           |     6 |    14 |    45 ||    65
